ESL (28 & UNDER)
KINGSTON IGUANAS @ NEWARK BULLDOGS
04/05/2028
 
TOP OF THE 1ST
Kingston Iguanas batting - Pitching for Newark Bulldogs : RHP Russ Brown
Pitching: RHP Russ Brown
Batting: RHB Bob Lee 0-0: Ball
1-0: Ball
2-0: Called Strike
2-1: Foul Ball, location: 2F
2-2: Strikes out swinging
Batting: RHB Sergio Mata 0-0: Swinging Strike
0-1: Ball
1-1: Ground out 6-3 (Groundball, 6)
Batting: LHB Dusty Wilson 0-0: Called Strike
0-1: Swinging Strike
0-2: Foul Ball, location: 2F
0-2: Strikes out swinging
Top of the 1st over - 0 run(s), 0 hit(s), 0 error(s), 0 left on base; Kingston 0 - Newark 0
BOTTOM OF THE 1ST
Newark Bulldogs batting - Pitching for Kingston Iguanas : RHP Josh Young
Pitching: RHP Josh Young
Batting: RHB Peter Sexton 0-0: Ball
1-0: Called Strike
1-1: Ground out 1-3 (Groundball, P)
Batting: RHB Emílio Salas 0-0: Fly out, F8 (Flyball, 78M)
Batting: RHB Tony Long 0-0: Ball
1-0: Ball
2-0: Ball
3-0: Base on Balls
Batting: RHB Randy Simons 0-0: Fly out, F9 (Flyball, 9LSF)
Bottom of the 1st over - 0 run(s), 0 hit(s), 0 error(s), 1 left on base; Kingston 0 - Newark 0
TOP OF THE 2ND
Kingston Iguanas batting - Pitching for Newark Bulldogs : RHP Russ Brown
Batting: SHB Yasuhiro Ikarashi 0-0: Ball
1-0: SINGLE (Flyball, 9S)
Batting: RHB Tim Davis 0-0: Called Strike
0-1: Ball
1-1: Ball
2-1: Foul Ball, location: 2F
2-2: Ball
3-2: Fly out, F9 (Flyball, 9S)
Batting: LHB Gustavo Gómez 0-0: Called Strike
0-1: Ball
1-1: Ball
2-1: Swinging Strike
2-2: Ball
3-2: Grounds into double play, 4-6-3 (Groundball, 4)
Top of the 2nd over - 0 run(s), 1 hit(s), 0 error(s), 0 left on base; Kingston 0 - Newark 0
BOTTOM OF THE 2ND
Newark Bulldogs batting - Pitching for Kingston Iguanas : RHP Josh Young
Batting: LHB Gabriel Aragón 0-0: Ball
1-0: Foul Ball, location: 2F
1-1: Foul Ball, location: 2F
1-2: Ball
2-2: Ball
3-2: Base on Balls
Batting: LHB Wes Stone 0-0: Ball
Wild Pitch!
Gabriel Aragón to second
1-0: Ball
2-0: Ball
3-0: Base on Balls
Batting: RHB Pablo Gómez 0-0: Ball
1-0: SINGLE (Groundball, 4MD)
Gabriel Aragón to third
Wes Stone to second
Runner from 3rd tries for Home, SAFE, no throw
Batting: LHB Wes Thompson 0-0: Fly out, F8 (Flyball, 8RS)
Batting: RHB Wilson Flores 0-0: Called Strike
0-1: Foul Ball, location: 2F
0-2: Strikes out swinging
Batting: RHB Peter Sexton 0-0: Called Strike
0-1: Fielders Choice at 2nd, 5-4 (Groundball, 56)
Bottom of the 2nd over - 1 run(s), 1 hit(s), 0 error(s), 1 left on base; Kingston 0 - Newark 1
TOP OF THE 3RD
Kingston Iguanas batting - Pitching for Newark Bulldogs : RHP Russ Brown
Batting: LHB Davey Casey 0-0: Called Strike
0-1: Foul Ball, location: 2F
0-2: Strikes out swinging
Batting: RHB Ken MacDonald 0-0: Called Strike
0-1: Ball
1-1: Ball
2-1: Ground out 6-3 (Groundball, 6)
Batting: SHB Devin Smith 0-0: Reached on error, E6 (Groundball, 6)
Batting: RHB Bob Lee 0-0: Foul Ball, location: 2F
0-1: Ground out 1-3 (Groundball, 15S)
Top of the 3rd over - 0 run(s), 0 hit(s), 1 error(s), 1 left on base; Kingston 0 - Newark 1
BOTTOM OF THE 3RD
Newark Bulldogs batting - Pitching for Kingston Iguanas : RHP Josh Young
Batting: RHB Emílio Salas 0-0: Foul Ball, location: 2F
0-1: Called Strike
0-2: Ground out 1-3 (Groundball, 15)
Batting: RHB Tony Long 0-0: Called Strike
0-1: Called Strike
0-2: Ball
1-2: Ball
2-2: Ball
3-2: Base on Balls
Batting: RHB Randy Simons 0-0: Called Strike
0-1: Called Strike
0-2: Ball
1-2: Ball
2-2: Foul Ball, location: 2F
2-2: Ball
3-2: Base on Balls
Tony Long to second
Batting: LHB Gabriel Aragón 0-0: Called Strike
0-1: Grounds into double play, 4-6-3 (Groundball, 4)
Bottom of the 3rd over - 0 run(s), 0 hit(s), 0 error(s), 1 left on base; Kingston 0 - Newark 1
TOP OF THE 4TH
Kingston Iguanas batting - Pitching for Newark Bulldogs : RHP Russ Brown
Batting: RHB Sergio Mata 0-0: Ball
1-0: Foul Ball, location: 2F
1-1: Swinging Strike
1-2: Ball
2-2: Foul Ball, location: 2F
2-2: Strikes out swinging
Batting: LHB Dusty Wilson 0-0: Swinging Strike
0-1: Ball
1-1: Ball
2-1: Called Strike
2-2: Strikes out swinging
Batting: SHB Yasuhiro Ikarashi 0-0: Ball
1-0: Foul Ball, location: 2F
1-1: Called Strike
1-2: Strikes out looking
Top of the 4th over - 0 run(s), 0 hit(s), 0 error(s), 0 left on base; Kingston 0 - Newark 1
BOTTOM OF THE 4TH
Newark Bulldogs batting - Pitching for Kingston Iguanas : RHP Josh Young
Batting: LHB Wes Stone 0-0: Ball
1-0: Foul Ball, location: 2F
1-1: Ball
2-1: Foul Ball, location: 2F
2-2: Ball
3-2: SINGLE (Line Drive, 56D)
Batting: RHB Pablo Gómez 0-0: SINGLE (Groundball, 4MD)
Wes Stone to second
Batting: LHB Wes Thompson 0-0: Ball
1-0: Ball
2-0: Fly out, F8 (Flyball, 8RXD)
Runner from 2nd tags up, SAFE at 3rd, no throw
Batting: RHB Wilson Flores 0-0: Called Strike
0-1: Ball
1-1: Ball
2-1: SINGLE (Flyball, 9LS)
Wes Stone scores
Pablo Gómez to second
Batting: RHB Peter Sexton 0-0: Ball
1-0: Ball
2-0: Ball
3-0: Base on Balls
Pablo Gómez to third
Wilson Flores to second
Batting: RHB Emílio Salas 0-0: Ball
1-0: Called Strike
1-1: Fielders Choice at 2nd, 6-4 (Groundball, 6)
Pablo Gómez scores
Wilson Flores to third
Batting: RHB Tony Long 0-0: Called Strike
0-1: Ball
1-1: Ball
2-1: Ball
3-1: Base on Balls
Emílio Salas to second
Batting: RHB Randy Simons 0-0: Ball
1-0: Ball
2-0: Called Strike
2-1: Swinging Strike
2-2: Strikes out swinging
Bottom of the 4th over - 2 run(s), 3 hit(s), 0 error(s), 3 left on base; Kingston 0 - Newark 3
TOP OF THE 5TH
Kingston Iguanas batting - Pitching for Newark Bulldogs : RHP Russ Brown
Batting: RHB Tim Davis 0-0: Foul Ball, location: 2F
0-1: Ball
1-1: Ball
2-1: Fly out, F8 (Flyball, 8LM)
Batting: LHB Gustavo Gómez 0-0: Foul Ball, location: 2F
0-1: Ball
1-1: Called Strike
1-2: Strikes out looking
Batting: LHB Davey Casey 0-0: Called Strike
0-1: Foul Ball, location: 2F
0-2: Ball
1-2: Strikes out swinging
Top of the 5th over - 0 run(s), 0 hit(s), 0 error(s), 0 left on base; Kingston 0 - Newark 3
BOTTOM OF THE 5TH
Newark Bulldogs batting - Pitching for Kingston Iguanas : RHP Josh Young
Batting: LHB Gabriel Aragón 0-0: Ball
1-0: SINGLE (Groundball, 25) (infield hit)
Batting: LHB Wes Stone 0-0: Foul Ball, location: 2F
0-1: Ball
1-1: Ball
2-1: Ball
3-1: Base on Balls
Gabriel Aragón to second
Batting: RHB Pablo Gómez 0-0: Ball
1-0: Ball
2-0: Foul Ball, location: 2F
2-1: Ball
3-1: Called Strike
3-2: Fly out, F7 (Flyball, 7D)
Batting: LHB Wes Thompson 0-0: Called Strike
0-1: Ball
1-1: Foul Ball, location: 2F
1-2: DOUBLE (Flyball, 78D)
Gabriel Aragón scores
Wes Stone to third
Batting: RHB Wilson Flores 0-0: SINGLE (Flyball, 78S)
Wes Stone scores
Wes Thompson to third
Pitching: RHP Ron Jenkins
Batting: RHB Peter Sexton 0-0: Ball
Wilson Flores steals 2nd base
1-0: Swinging Strike
1-1: SINGLE (Line Drive, 8LS)
Wes Thompson scores
Wilson Flores to third
Runner from 3rd tries for Home, SAFE, no throw
Batting: RHB Emílio Salas 0-0: SINGLE (Line Drive, 5L)
Peter Sexton to second
Batting: RHB Tony Long 0-0: Ball
1-0: Called Strike
1-1: Ball
2-1: Called Strike
2-2: Foul Ball, location: 2F
2-2: Strikes out looking
Batting: RHB Randy Simons 0-0: Ball
1-0: Foul Ball, location: 2F
1-1: Fly out, F9 (Flyball, 89S)
Bottom of the 5th over - 4 run(s), 5 hit(s), 0 error(s), 2 left on base; Kingston 0 - Newark 7
TOP OF THE 6TH
Kingston Iguanas batting - Pitching for Newark Bulldogs : RHP Russ Brown
Batting: RHB Ken MacDonald 0-0: Ball
1-0: Ball
2-0: Ground out 6-3 (Groundball, 6)
Batting: SHB Devin Smith 0-0: Called Strike
0-1: Foul Ball, location: 2F
0-2: Ball
1-2: Ball
2-2: Foul Ball, location: 2F
2-2: Ground out 6-3 (Groundball, 6)
Batting: RHB Bob Lee 0-0: Ball
1-0: Called Strike
1-1: Fly out, F9 (Flyball, 9S)
Top of the 6th over - 0 run(s), 0 hit(s), 0 error(s), 0 left on base; Kingston 0 - Newark 7
BOTTOM OF THE 6TH
Newark Bulldogs batting - Pitching for Kingston Iguanas : RHP Ron Jenkins
Batting: LHB Gabriel Aragón 0-0: Ball
1-0: Ball
2-0: Ball
3-0: Base on Balls
Batting: LHB Wes Stone 0-0: Ball
1-0: Ball
2-0: Ball
3-0: Called Strike
3-1: Base on Balls
Gabriel Aragón to second
Batting: RHB Pablo Gómez 0-0: Ball
1-0: Ball
2-0: Ball
3-0: Called Strike
3-1: Called Strike
3-2: Strikes out swinging
Batting: LHB Wes Thompson 0-0: Fly out, F7 (Line Drive, 78XD)
Runner from 2nd tags up, SAFE at 3rd, no throw
Batting: RHB Wilson Flores 0-0: Fly out, F9 (Flyball, 9LS)
Bottom of the 6th over - 0 run(s), 0 hit(s), 0 error(s), 2 left on base; Kingston 0 - Newark 7
TOP OF THE 7TH
Kingston Iguanas batting - Pitching for Newark Bulldogs : RHP Russ Brown
Batting: RHB Sergio Mata 0-0: Ball
1-0: Called Strike
1-1: Ground out 4-3 (Groundball, 4)
Batting: LHB Dusty Wilson 0-0: Ball
1-0: Fly out, F7 (Line Drive, 7)
Batting: SHB Yasuhiro Ikarashi 0-0: Called Strike
0-1: Ball
1-1: Ball
2-1: SINGLE (Line Drive, 6)
Batting: RHB Tim Davis 0-0: Called Strike
Yasuhiro Ikarashi steals 2nd base
0-1: Ball
1-1: Ground out 6-3 (Groundball, 6)
Top of the 7th over - 0 run(s), 1 hit(s), 0 error(s), 1 left on base; Kingston 0 - Newark 7
BOTTOM OF THE 7TH
Newark Bulldogs batting - Pitching for Kingston Iguanas : RHP Ron Jenkins
Batting: RHB Peter Sexton 0-0: Called Strike
0-1: Ground out 6-3 (Groundball, 6S)
Batting: RHB Emílio Salas 0-0: Foul Ball, location: 2F
0-1: Foul Ball, location: 2F
0-2: Foul Ball, location: 2F
0-2: TRIPLE (Flyball, 78XD)
Batting: RHB Tony Long 0-0: Ball
1-0: Foul Ball, location: 2F
1-1: Fly out, F9 (Flyball, 9LM)
Runner from 3rd tags up, SCORES, throw made
Batting: RHB Randy Simons 0-0: Called Strike
0-1: Ball
1-1: Called Strike
1-2: Strikes out swinging
Bottom of the 7th over - 1 run(s), 1 hit(s), 0 error(s), 0 left on base; Kingston 0 - Newark 8
TOP OF THE 8TH
Kingston Iguanas batting - Pitching for Newark Bulldogs : RHP Russ Brown
Batting: LHB Gustavo Gómez 0-0: Foul Ball, location: 2F
0-1: Swinging Strike
0-2: Foul Ball, location: 2F
0-2: Ball
1-2: Strikes out swinging
Batting: LHB Davey Casey 0-0: Ball
1-0: Foul Ball, location: 2F
1-1: Foul Ball, location: 2F
1-2: Foul Ball, location: 2F
1-2: Ball
2-2: Fly out, F8 (Flyball, 8RM)
Batting: RHB Ken MacDonald 0-0: Ball
1-0: Foul Ball, location: 2F
1-1: Ball
2-1: Ball
3-1: Base on Balls
Pitching: RHP Roberto Cordero
Batting: SHB Devin Smith 0-0: Foul Ball, location: 2F
0-1: Called Strike
0-2: Ball
1-2: Foul Ball, location: 2F
1-2: Strikes out swinging
Top of the 8th over - 0 run(s), 0 hit(s), 0 error(s), 1 left on base; Kingston 0 - Newark 8
BOTTOM OF THE 8TH
Newark Bulldogs batting - Pitching for Kingston Iguanas : RHP Ron Jenkins
Batting: LHB Gabriel Aragón 0-0: Ball
1-0: Swinging Strike
1-1: Swinging Strike
1-2: Ball
2-2: SOLO HOME RUN (Line Drive, 78XD), Distance : 373 ft
Batting: LHB Wes Stone 0-0: Called Strike
0-1: Ball
1-1: DOUBLE (Line Drive, 9LD)
Pitching: RHP Anastasio Cervantes
Batting: RHB Pablo Gómez 0-0: TRIPLE (Line Drive, 78D)
Wes Stone scores
Batting: LHB Wes Thompson 0-0: Called Strike
0-1: Foul Ball, location: 2F
0-2: Ball
1-2: Fly out, F6 (Line Drive, 6D)
Batting: RHB Wilson Flores 0-0: Fly out, F7 (Flyball, 7LD)
Runner from 3rd tags up, SCORES, no throw
Batting: RHB Peter Sexton 0-0: Ball
1-0: Ball
2-0: SINGLE (Line Drive, 34)
Batting: RHB Emílio Salas 0-0: Ball
1-0: Ball
2-0: Ball
3-0: Called Strike
3-1: Base on Balls
Peter Sexton to second
Batting: RHB Tony Long 0-0: Ball
1-0: Ball
2-0: Called Strike
2-1: Ball
3-1: Foul Ball, location: 2F
3-2: Foul Ball, location: 2F
3-2: Base on Balls
Peter Sexton to third
Emílio Salas to second
Batting: RHB Randy Simons 0-0: Ball
1-0: Called Strike
1-1: Foul Ball, location: 2F
1-2: DOUBLE (Groundball, 5L)
Peter Sexton scores
Emílio Salas scores
Tony Long to third
Runner from 3rd tries for Home, SAFE, no throw
Pitching: RHP Matt Nance
Batting: LHB Gabriel Aragón 0-0: Ball
1-0: Ball
2-0: Ball
3-0: Called Strike
3-1: Fly out, F7 (Line Drive, 7D)
Bottom of the 8th over - 6 run(s), 5 hit(s), 0 error(s), 1 left on base; Kingston 0 - Newark 14
TOP OF THE 9TH
Kingston Iguanas batting - Pitching for Newark Bulldogs : RHP Roberto Cordero
Now at 3B: Juan Martínez
Now in CF: Ángel Tuzzi
Batting: RHB Bob Lee 0-0: Ground out 2-3 (Groundball, 2L)
Batting: RHB Sergio Mata 0-0: Swinging Strike
0-1: Ground out 1-3 (Groundball, P)
Batting: LHB Dusty Wilson 0-0: Foul Ball, location: 2F
0-1: Foul Ball, location: 2F
0-2: DOUBLE (Line Drive, 89XD)
Batting: SHB Yasuhiro Ikarashi 0-0: Ball
1-0: Swinging Strike
1-1: SINGLE (Line Drive, 34D)
Dusty Wilson to third
Runner from 3rd tries for Home, SAFE, no throw
Batting: RHB Tim Davis 0-0: Called Strike
0-1: Ball
1-1: Ball
2-1: Ground out 5-3 (Groundball, 5S)
Top of the 9th over - 1 run(s), 2 hit(s), 0 error(s), 1 left on base; Kingston 1 - Newark 14
Tuesday, August 8th, 2017 - OOTP Baseball 17.12 Build 75